 Dungeon Crawl Stone Soup version 0.32-a0-39-g5c88369fb2 (webtiles) character file.

Game seed: 17369723985275023767

1568 Majang the Ruffian (level 8, -1/38 (39) HPs)
             Began as a Vine Stalker Shapeshifter on Jan 31, 2024.
             Slain by a wight
             ... wielding a +0 halberd
              (11 damage)
             ... on level 6 of the Dungeon.
             The game lasted 00:22:50 (3557 turns).

Majang the Ruffian (Vine Stalker Shapeshifter)      Turns: 3557, Time: 00:22:51

HP:   -1/38 (39)    AC:  7    Str: 19    XL:     8   Next: 90%
MP:   0/9           EV: 10    Int: 10    God:
Gold: 291           SH:  0    Dex: 14    Spells: 7/7 levels left

rFire   . .          .
                       - Unarmed
rCold   + . .        (no shield)
rNeg    + . .        y - +1 scale mail {rC+}
rPois   +            (helmet currently unavailable)
rElec   .            (cloak currently unavailable)
rCorr   .            (gloves currently unavailable)
SInv    .            (boots currently unavailable)
Will    +....        (no amulet) Stlth
                     g - ring of positive energy
HPRegen 1.06/turn    o - ring of poison resistance
MPRegen 0.11/turn

%: guardian spirit
@: lethally poisoned (-1 -> -1), beast-form, studying Long Blades, lightly
drained
A: beast (slay +3), fangs 3, regeneration 1, magic shield, antimagic bite, no
potion heal 2
a: Begin Untransformation


You were on level 6 of the Dungeon.
You were a hulking beast.
You visited 2 branches of the dungeon, and saw 7 of its levels.

You collected 291 gold pieces.

Inventory:

Missiles
 i - 6 boomerangs (quivered)
 p - 8 javelins
Armour
 a - a +0 cloak
 w - the scarf "Waono" {harm, Fly Str+7 Slay-4 SInv}
   (You found it on level 4 of the Dungeon)

   Str+7:     It affects your strength (+7).
   Slay-4:    It affects your accuracy & damage with ranged weapons and melee
   (-4).
   SInv:      It lets you see invisible.
   Fly:       It grants you flight.
 y - a +1 scale mail of cold resistance (worn)
Jewellery
 g - a ring of positive energy (left hand)
 o - a ring of poison resistance (right hand)
Talismans
 c - a beast talisman
 d - a flux talisman
Wands
 s - a wand of flame (16)
 t - a wand of light (8)
Scrolls
 f - 5 scrolls of enchant armour
 h - 2 scrolls of poison
 j - a scroll of teleportation
 k - 2 scrolls of identify
 r - 2 scrolls of revelation
 v - 2 scrolls of fear
Potions
 b - 2 potions of lignification
 l - 2 potions of attraction
 q - a potion of curing
 u - 3 potions of brilliance
 x - a potion of might
 z - a potion of mutation


   Skills:
 + Level 2.6 Fighting
 + Level 1.7 Throwing
 + Level 2.8 Dodging
 * Level 7.2 Unarmed Combat
 + Level 2.3 Evocations
 * Level 6.7 Shapeshifting


You had 7 spell levels left.
You didn't know any spells.
Your spell library contained the following spells:

 Spells                   Type           Power      Damage    Failure   Level
 Apportation              Tloc           0%         N/A       77%         1
 Blink                    Tloc           0%         N/A       88%         2
 Jinxbite                 Hex            0%         N/A       88%         2
 Lesser Beckoning         Tloc           0%         N/A       88%         2
 Momentum Strike          Conj/Tloc      0%         3d8       88%         2
 Ozocubu's Armour         Ice            0%         N/A       98%         3
 Volatile Blastmotes      Fire/Tloc      0%         2d10      98%         3
 Animate Dead             Necr           0%         N/A       100%        4
 Fulminant Prism          Conj/Alch      0%         3d5       100%        4
 Iskenderun's Mystic Bla  Conj/Tloc      0%         2d3       100%        4
 Alistair's Intoxication  Alch           0%         N/A       100%        5
 Borgnjor's Vile Clutch   Necr/Erth      0%         N/A       100%        5
 Metabolic Englaciation   Hex/Ice        0%         N/A       100%        5
 Death Channel            Necr           0%         N/A       100%        6
 Sculpt Simulacrum        Ice/Alch       0%         N/A       100%        6


Dungeon Overview and Level Annotations

Branches:
Dungeon (6/15)             Temple (1/1) D:4

Altars:
Ashenzari
Dithmenos
Elyvilon
Gozag
Hepliaklqana
Kikubaaqudgha
Okawaru
Qazlal
Sif Muna
Wu Jian
The Shining One

Shops:
D:2 [   D:6 :


Innate Abilities, Weirdness & Mutations

You are a hulking beast.
Your limbs bulge with bestial killing power. (Slay +3)
You have razor-sharp teeth.
Your natural rate of healing is unusually fast.
When hurt, damage is shared between your health and your magic reserves.
Your bite disrupts and absorbs the magic of your enemies.
Potions cannot restore your health.


Message History

You bite the scorpion, but do no damage.
The scorpion is almost dead.
You feel sick. The scorpion closely misses you.
You closely miss the scorpion. You bite the scorpion.
You kill the scorpion!
You feel sick.
You feel sick.
You feel sick.
You feel sick.
You feel sick.
You feel sick.
You feel sick.
You are no longer poisoned.
Found a stone staircase leading up.
There is a stone staircase leading up here.
Found a twisted glowing staff.
You see here a staff of death.
Found a glowing short sword.
Found a stone staircase leading down.
You see here a +2 short sword of venom. 2 wights come into view.
A wight is wielding a +2 halberd of venom.
A wight comes into view.
It is wielding a +1 scimitar of freezing.
You see here a +2 short sword of venom.
The wight hits you from afar with a +2 halberd of venom!
The wight hits you from afar with a +0 halberd!
You partially resist.
You feel drained.
The wight hits you with a +2 halberd of venom.
You partially resist.
You feel drained.
You are poisoned.
You punch the wight! Your punch misses the wight. You bite the wight!
You destroy the wight!
You feel sick.
The wight hits you from afar with a +0 halberd.
You feel sick. The wight hits you with a +0 halberd!
* * * LOW HITPOINT WARNING * * *
Things that are here:
a +2 halberd of venom; a +0 robe You barely miss the wight.
You feel sick. The wight hits you with a +0 halberd!
You die...

####### #.....###########
#.###......z....######
#.# #....zz........>..
####.###z#########)......
#.....##z# #..#####
#.....##h# #..#
#.....##.# .........#
#.....##.# .####....#
#.....##.# #.....#
##.......# #......#
#..###### ##.....# #..#
......' #..##.# ####...#
#..##.#


You could see 2 wights.

Vanquished Creatures
  A troll (D:5)
  Sigmund (D:4)
  An ogre (D:6)
  A phantom (D:4)
  A kobold brigand (D:5)
  2 scorpions (D:6)
  A wight (D:6)
  2 bombardier beetles
  A howler monkey (D:6)
  2 jellies (D:5)
  An orc priest (D:4)
  2 gnoll boudas
  4 hounds
  Jessica (D:3)
  2 iguanas
  Terence (D:2)
  6 orc wizards
  6 gnolls
  5 adders
  2 dart slugs (D:3)
  A ribbon worm (D:4)
  14 orcs
  5 bats
  10 endoplasms
  4 giant cockroaches
  3 goblins
  7 hobgoblins
  3 quokkas
  2 ball pythons (D:4)
  2 frilled lizards
  7 kobolds
  3 rats
104 creatures vanquished.

Notes
Turn   | Place    | Note
-------+----------+-------------------------------------------
     0 | D:1      | Majang the Vine Stalker Shapeshifter began the quest for
                  | the Orb.
     0 | D:1      | Reached XP level 1. HP: 9/9 MP: 2/2
   103 | D:1      | Reached XP level 2. HP: 14/14 MP: 3/3
   615 | D:2      | Found a broken altar of Ashenzari.
   642 | D:2      | Reached XP level 3. HP: 16/17 MP: 4/4
   726 | D:2      | Noticed Terence
   739 | D:2      | Killed Terence
   806 | D:2      | Found Gifaul's Armour Boutique.
  1185 | D:3      | Reached skill level 4 in Unarmed Combat
  1185 | D:3      | Reached XP level 4. HP: 21/21 MP: 5/5
  1473 | D:3      | Reached XP level 5. HP: 21/25 MP: 3/6
  1504 | D:3      | Noticed Jessica
  1512 | D:3      | Killed Jessica
  1892 | D:4      | Found a staircase to the Ecumenical Temple.
  1898 | Temple   | Entered the Ecumenical Temple
  1963 | D:4      | Found an ornate altar of the Wu Jian Council.
  1970 | D:4      | Noticed a spectral centipede
  1970 | D:4      | Noticed a spectral black mamba
  1970 | D:4      | Noticed a spectral cane toad
  2097 | D:4      | Reached skill level 5 in Unarmed Combat
  2112 | D:4      | Identified the scarf "Waono" {harm, Fly Str+7 Slay-4 SInv}
  2204 | D:4      | Reached XP level 6. HP: 29/29 MP: 7/7
  2334 | D:4      | Reached skill level 5 in Shapeshifting
  2405 | D:4      | HP: 1/29 [orc priest/divine providence (9)]
  2420 | D:4      | HP: 2/43 [orc priest/divine providence (13)]
  2475 | D:4      | Reached XP level 7. HP: 32/32 MP: 8/8
  2549 | D:4      | Noticed Sigmund
  2565 | D:4      | Killed Sigmund
  2566 | D:4      | Reached skill level 1 in Fighting
  2566 | D:4      | Reached skill level 6 in Unarmed Combat
  2708 | D:5      | Entered Level 5 of the Dungeon
  2820 | D:5      | Reached skill level 1 in Evocations
  2846 | D:5      | Found an opulent altar of Gozag.
  2939 | D:5      | Gained mutation: You have razor-sharp teeth. [Vine Stalker
                  | growth]
  2939 | D:5      | Reached XP level 8. HP: 29/39 MP: 7/9
  2955 | D:5      | Noticed a troll
  3019 | D:5      | Killed a troll
  3149 | D:5      | Reached skill level 1 in Throwing
  3303 | D:6      | Reached skill level 7 in Unarmed Combat
  3341 | D:6      | Found Vodihupa's Book Shop.
  3557 | D:6      | Slain by a wight

Illustrated notes

Levels and vault maps discovered:
D:1:      kennysheep_arrival_forest, layout_basic
D:2:      layout_loops_ring, serial_shops, shop, basic_altar, uniq_terence
D:3:      layout_rooms, bh_walls_and_bars, uniq_jessica
D:4:      minmay_wonky_spiral, layout_loops_corners,
          pdpol_wu_jian_five_deadly_venoms, minmay_temple_entry_metal_lava,
          uniq_sigmund
D:5:      layout_rooms, nicolae_gozag_cash_rules_everything_around_me
D:6:      layout_loops_ring, mainiacjoe_overflow_cross_hatched,
          lemuel_round_altar, serial_shops, shop_coins, minivault_25,
          hangedman_decor_diamond_cutter, minmay_joined_circles
Temple:   nicolae_temple_godpark

Skill      XL: |  1  2  3  4  5  6  7  8 |
---------------+-------------------------+-----
Unarmed Combat | 4 5 6 7 |  7.2
Shapeshifting  | 4 5 6 |  6.7
Fighting       | 1 2 |  2.6
Evocations     | 1 2 |  2.3
Dodging        | 2 |  2.8
Throwing       | 1 |  1.7

Action                     |  1- 3 |  4- 6 |  7- 9 || total
---------------------------+-------+-------+-------++-------
  Melee: Unarmed           |    67 |   109 |   115 ||   291
         Bite              |    14 |    28 |    28 ||    70
         Punch             |     1 |     4 |     4 ||     9
  Evoke: Wand              |       |       |     2 ||     2
    Use: Scroll            |       |     6 |    10 ||    16
         Potion            |       |     2 |       ||     2
   Stab: Invisible         |       |       |     2 ||     2
 Armour: Animal skin       |    23 |       |       ||    23
         Scale mail        |     4 |    40 |    84 ||   128
         Skin              |       |    13 |     3 ||    16
  Dodge: Dodged            |    27 |    49 |    48 ||   124

Table legend: (Time is in decaauts)
 A = Elapsed time spent in this place.
 B = Non-inter-level travel time spent in this place.
 C = Inter-level travel time spent in this place.
 D = Time resting spent in this place.
 E = Time spent auto-exploring this place.
 F = Levels seen in this place.
 G = Mean time per level.
                   A        B        C        D        E       F      G
               +--------+--------+--------+--------+--------+-----+--------+
         Total |   3528 |   3259 |    269 |     92 |    321 |   7 |  504.0 |
       Dungeon |   3527 |   3258 |    269 |     92 |    321 |   6 |  587.8 |
        Temple |      1 |      1 |      0 |      0 |      0 |   1 |    1.0 |
               +--------+--------+--------+--------+--------+-----+--------+

Top non-repeatable levels by time:
     D:4: 843 daAuts
     D:3: 722 daAuts
     D:1: 608 daAuts
     D:5: 540 daAuts
     D:2: 518 daAuts
     D:6: 294 daAuts
  Temple: 1 daAuts
